 Dungeon Crawl Stone Soup version 0.21.1-1-g345015f (webtiles) character file.

39 GreamJoe the Skirmisher (level 3, 0/24 HPs)
             Began as a Gargoyle Monk on Feb 14, 2018.
             Was an Initiate of Gozag.
             Killed from afar by Sigmund (1 damage)
             ... with a puff of flame
             ... on level 2 of the Dungeon.
             The game lasted 00:06:42 (1379 turns).

GreamJoe the Skirmisher (Gargoyle Monk)             Turns: 1379, Time: 00:06:43

Health: 0/24       AC: 14    Str: 20    XL:     3   Next: 47%
Magic:  3/3        EV:  8    Int: 10    God:    Gozag
Gold:   174        SH:  0    Dex: 12    Spells: 2/2 levels left

rFire    . . .     SeeInvis .   a - +0 spear
rCold    . . .     Gourm    +   (no shield)
rNeg     + . .     Faith    .   j - +0 chain mail
rPois    ∞         Spirit   .   (no helmet)
rElec    +         Reflect  .   (no cloak)
rCorr    .         Harm     .   h - +2 pair of gloves
MR       .....     Rnd*Tele +   (no boots)
Stlth    ..........             i - amulet of the gourmand
HPRegen  0.08/turn              n - ring of stealth
MPRegen  0.08/turn              o - ring of teleportation (curse)

@: confused, mighty
A: negative energy resistance 1, electricity resistance, unbreathing,
petrification resistance, rot immunity, AC +3
a: Potion Petition, Call Merchant, Bribe Branch, Renounce Religion


You were on level 2 of the Dungeon.
You worshipped Gozag.
Gozag was aware of your devotion.
You were not hungry.

You visited 1 branch of the dungeon, and saw 2 of its levels.

You collected 174 gold pieces.

Inventory:

Hand Weapons
 a - a +0 spear (weapon)
Missiles
 g - 15 sling bullets
Armour
 b - a +0 robe
 h - a +2 pair of gloves (worn)
 j - a +0 chain mail (worn)
Jewellery
 i - an amulet of the gourmand (around neck)
 n - a ring of stealth (left hand)
 o - a cursed ring of teleportation (right hand)
Scrolls
 d - a scroll of enchant weapon {unknown}
 k - a scroll of blinking {unknown}
 l - a scroll of teleportation {unknown}
Potions
 e - 2 potions of heal wounds {unknown}
 f - 2 potions of invisibility {unknown}
Comestibles
 c - 2 rations


   Skills:
 + Level 3.8 Fighting
 + Level 3.2 Polearms
 * Level 1.1 Armour
 - Level 2.6 Dodging
 - Level 2.2 Stealth


You had 2 spell levels left.
You didn't know any spells.

Dungeon Overview and Level Annotations

Branches:
Dungeon (2/15)

Altars:
Gozag

Annotations:
D:2 Sigmund


Innate Abilities, Weirdness & Mutations

You are resistant to torment.
Your stone body is resilient. (AC +3)
You are immune to poison.
You resist negative energy. (rN+)
You are resistant to electric shocks. (rElec)
You can survive without breathing.
You are immune to petrification.
You are immune to rotting.


Message History

Sigmund hits you but does no damage.
Okay, then.
You feel very mighty all of a sudden. Sigmund casts a spell at you.
The magic dart hits you!
You barely miss Sigmund.
Sigmund is heavily wounded.
Sigmund hits you with a scythe.
You closely miss Sigmund.
Sigmund is heavily wounded.
You closely miss Sigmund.
Sigmund is heavily wounded.
Sigmund casts a spell at you.
You are confused.
You bump into the rock wall.
Sigmund hits you with a scythe!
* * * LOW HITPOINT WARNING * * *
Sigmund gestures at you while chanting. The puff of flame hits you!
You die...
Your body crumbles into a pile of gold.

#.# #..#
.###. #.###
.... . #...#
#.#.# ###.#
.#.## #.###
....#
##...###.....
#..#.$#..#...
#.###.@.##
#..#@.#..#..#
##...###.....
#..## #...#
#... ...#
#..#. ..#
#.###. .# #..
##.


You could see Sigmund.

Vanquished Creatures
  An adder (D:2)
  2 dart slugs (D:1)
  2 leopard geckos (D:1)
  3 giant cockroaches (D:1)
  2 goblins
  A quokka (D:2)
  3 bats
  4 kobolds (D:1)
  6 rats
24 creatures vanquished.

Notes
Turn   | Place    | Note
-------+----------+-------------------------------------------
     0 | D:1      | GreamJoe the Gargoyle Monk began the quest for the Orb.
     0 | D:1      | Reached XP level 1. HP: 14/14 MP: 1/1
   287 | D:1      | Reached XP level 2. HP: 18/19 MP: 2/2
   849 | D:1      | Reached XP level 3. HP: 24/24 MP: 3/3
   996 | D:2      | Reached skill level 1 in Armour
  1136 | D:2      | Found an opulent altar of Gozag.
  1170 | D:2      | Became a worshipper of Gozag Ym Sagoz the Greedy
  1354 | D:2      | Noticed Sigmund
  1378 | D:2      | HP: 1/24 [Sigmund/scythe (8)]
  1379 | D:2      | Killed from afar by Sigmund

Skill      XL: |  1  2  3 |
---------------+----------+-----
Polearms       | 3 |  3.2
Armour         | 1 |  1.1
Fighting       | |  3.8
Dodging        | |  2.6
Stealth        | |  2.2

Action                   || total
-------------------------++-------
Melee: Spear             ||   132
  Use: Potion            ||     1
  Eat: Ration            ||     1
Armor: Robe              ||    21
       Chain mail        ||    48
Dodge: Dodged            ||    75
